 Dungeon Crawl Stone Soup version 0.30-a0-371-gad7725a93e (webtiles) character file.

Game seed: 9589982042567762847

1375 MTVSty1e the Cleaver (level 8, 0/74 HPs)
             Began as a Minotaur Fighter on Nov 19, 2022.
             Slain by Edmund
             ... wielding a +3 dire flail of protection
              (18 damage)
             ... on level 6 of the Dungeon on Nov 21, 2022.
             The game lasted 00:04:34 (3849 turns).

MTVSty1e the Cleaver (Minotaur Fighter)             Turns: 3849, Time: 00:04:34

Health: 0/74       AC:  9    Str: 23    XL:     8   Next: 39%
Magic:  7/7        EV:  9    Int:  5    God:
Gold:   350        SH:  0    Dex: 10    Spells: 7/7 levels left

rFire   . . .      SeeInvis .    a - +0 war axe
rCold   . . .      Faith    .    c - +1 buckler
rNeg    . . .      Spirit   .    b - +0 scale mail
rPois   .          Reflect  +    (helmet restricted)
rElec   .          Harm     .    D - +0 cloak
rCorr   .          Rampage  .    B - +0 pair of gloves
Will    .....                    (no boots)
Stlth   ..........               k - amulet of reflection
HPRegen 0.32/turn                (no ring)
MPRegen 0.10/turn                (no ring)

@: confused, mighty
A: horns 2, retaliatory headbutt
a: no special abilities


You were on level 6 of the Dungeon.
You visited 1 branch of the dungeon, and saw 6 of its levels.

You collected 350 gold pieces.

Inventory:

Hand Weapons
 a - a +0 war axe (weapon)
Armour
 b - a +0 scale mail (worn)
 c - a +1 buckler (worn)
 B - a +0 pair of gloves (worn)
 D - a +0 cloak (worn)
Jewellery
 i - an amulet of faith
 k - an amulet of reflection (around neck)
 l - a ring of positive energy
Wands
 z - a wand of flame (25)
Scrolls
 e - a scroll of fear
 f - a scroll of poison
 g - 6 scrolls of identify
 j - 3 scrolls of blinking
 p - a scroll of noise
 q - 2 scrolls of fog
 s - a scroll of brand weapon {unknown}
 u - 3 scrolls of teleportation {unknown}
 w - a scroll of amnesia {unknown}
 x - a scroll of enchant weapon {unknown}
 y - a scroll of summoning {unknown}
 E - 3 scrolls of silence {unknown}
Potions
 h - 2 potions of haste {unknown}
 n - a potion of brilliance {unknown}
 o - a potion of degeneration {unknown}
 r - 2 potions of flight {unknown}
 t - 2 potions of curing {unknown}
 v - a potion of attraction {unknown}
 A - a potion of magic {unknown}
 C - a potion of mutation {unknown}


   Skills:
 + Level 8.0 Fighting
 * Level 10.4 Axes
 - Level 3.6 Armour
 - Level 3.6 Shields


You had 7 spell levels left.
You didn't know any spells.
Your spell library contained the following spells:

 Spells                   Type           Power      Damage    Failure   Level
 Gell's Gravitas          Tloc           0%         N/A       99%         3
 Lesser Beckoning         Tloc           0%         N/A       99%         3
 Teleport Other           Tloc           0%         N/A       99%         3
 Dispersal                Tloc           0%         N/A       100%        6


Dungeon Overview and Level Annotations

Branches:
Dungeon (6/15)
 Temple: D:4-7

Altars:

Annotations:
D:6 Edmund


Innate Abilities, Weirdness & Mutations

You have a pair of horns on your head.
You reflexively headbutt those who attack you in melee.


Message History

Edmund is lightly wounded.
Edmund zaps a wand.
The bolt of light misses you.
You hit Edmund.
Edmund is lightly wounded.
Edmund hits you with a +3 dire flail of protection!
You hit Edmund but do no damage.
Edmund is lightly wounded.
Edmund asks, "Have you met my wondrous brother?"
Edmund zaps a wand.
The bolt of light hits you!
You hit Edmund. Your headbutt misses Edmund.
Edmund is moderately wounded.
Edmund barely misses you.
You closely miss Edmund.
Edmund is moderately wounded.
Edmund says, "I might not be good at magic, but I can still kill you!"
Edmund hits you with a +3 dire flail of protection!!
You closely miss Edmund.
Edmund is moderately wounded.
Edmund barely misses you.
You feel very mighty all of a sudden. You block Edmund's attack.
You hit Edmund but do no damage. Your headbutt misses Edmund.
Edmund is moderately wounded.
Edmund zaps a wand.
The bolt of light hits you but does no damage.
You closely miss Edmund.
Edmund is moderately wounded.
You block Edmund's attack.
You closely miss Edmund.
Edmund is moderately wounded.
Edmund barely misses you.
You closely miss Edmund.
Edmund is moderately wounded.
Edmund zaps a wand.
The bolt of light hits you.
You are confused.
Edmund hits you with a +3 dire flail of protection!
* * * LOW HITPOINT WARNING * * *
Edmund attacks as you move away!
Edmund hits you with a +3 dire flail of protection!!
You die...

...............
..............##
.........§.....#
#......).#
#....§§§##
#...##§§§#
.#....§§§§#
.....§.§§§#
.#....@@##
##.§##.......
..... ....###.
#..........#
#... ##...# ....
#.!.. # #.....
......


You could see Edmund (strong).

Vanquished Creatures
  Maggie (D:6)
  Sigmund (D:3)
  A steam dragon (D:6)
  Menkaure (D:6)
  A black bear (D:5)
  An ogre (D:5)
  Blork the orc (D:5)
  A scorpion (D:4)
  A howler monkey (D:6)
  A hound (D:6)
  3 jellies (D:5)
  An iguana (D:5)
  Jessica (D:3)
  An orc wizard (D:3)
  2 adders
  4 gnolls (D:5)
  3 worms
  3 dart slugs
  6 orcs
  7 bats
  5 endoplasms
  A giant cockroach (D:1)
  4 goblins
  3 hobgoblins (D:1)
  4 jackals (D:4)
  5 kobolds
  6 quokkas
  6 ball pythons
  A rat (D:3)
76 creatures vanquished.

Vanquished Creatures (others)
  A sky beast (D:6)
  An ufetubus (D:6)
2 creatures vanquished.

Grand Total: 78 creatures vanquished

Notes
Turn   | Place    | Note
-------+----------+-------------------------------------------
     0 | D:1      | MTVSty1e the Minotaur Fighter began the quest for the Orb.
     0 | D:1      | Reached XP level 1. HP: 19/19 MP: 0/0
   209 | D:1      | Reached skill level 3 in Axes
   238 | D:1      | Reached XP level 2. HP: 26/27 MP: 1/1
   635 | D:1      | Upgraded the game from 0.30-a0-368-g86fb4627a9 to
                  | 0.30-a0-371-gad7725a93e
   782 | D:2      | Reached XP level 3. HP: 33/33 MP: 2/2
  1008 | D:2      | Reached skill level 4 in Axes
  1409 | D:3      | Reached XP level 4. HP: 40/41 MP: 3/3
  1486 | D:3      | Noticed Sigmund
  1583 | D:3      | Noticed Jessica
  1590 | D:3      | Killed Jessica
  1591 | D:3      | Reached skill level 5 in Axes
  1758 | D:3      | Killed Sigmund
  1759 | D:3      | Reached skill level 5 in Fighting
  1759 | D:3      | Reached skill level 6 in Axes
  1759 | D:3      | Reached XP level 5. HP: 36/48 MP: 4/4
  1759 | D:3      | Reached XP level 6. HP: 43/56 MP: 5/5
  2578 | D:5      | Entered Level 5 of the Dungeon
  2587 | D:5      | Noticed Blork the orc
  2596 | D:5      | Killed Blork the orc
  2597 | D:5      | Reached skill level 7 in Axes
  2970 | D:5      | Reached XP level 7. HP: 50/64 MP: 6/6
  3028 | D:5      | Reached skill level 8 in Axes
  3714 | D:6      | Noticed Maggie
  3726 | D:6      | Noticed a steam dragon
  3731 | D:6      | Killed Maggie
  3732 | D:6      | Reached skill level 9 in Axes
  3732 | D:6      | Reached XP level 8. HP: 35/73 MP: 7/7
  3737 | D:6      | Noticed Menkaure
  3742 | D:6      | Reached skill level 10 in Axes
  3743 | D:6      | Killed Menkaure
  3833 | D:6      | Noticed Edmund
  3849 | D:6      | Slain by Edmund

Illustrated notes

Levels and vault maps discovered:
D:1:      dpeg_arrival_three_same_balls, layout_basic
D:2:      layout_loops_cross
D:3:      layout_rooms, uniq_sigmund, uniq_jessica
D:4:      layout_cave_pools, minmay_misc_feat_chi
D:5:      black_bear_nest_1, layout_gridville, uniq_blork_the_orc
D:6:      layout_cave_pools, mainiacjoe_overflow_six_doors_small, uniq_edmund,
          uniq_menkaure, uniq_maggie

Skill      XL: |  1  2  3  4  5  6  7  8 |
---------------+-------------------------+-----
Axes           | 3 4 6 7 9 10 | 10.4
Fighting       | 4 5 6 7 8 |  8.0
Armour         | |  3.6
Shields        | |  3.6

Action                   |  1- 3 |  4- 6 |  7- 9 || total
-------------------------+-------+-------+-------++-------
Melee: War axe           |    91 |    58 |    51 ||   200
       Headbutt          |    10 |     9 |     9 ||    28
  Use: Scroll            |       |       |     7 ||     7
       Potion            |       |       |     5 ||     5
Armor: Scale mail        |    47 |    13 |    38 ||    98
Dodge: Dodged            |    52 |    16 |    29 ||    97
Block: Buckler           |    28 |    25 |    36 ||    89

Table legend: (Time is in decaauts)
 A = Elapsed time spent in this place.
 B = Non-inter-level travel time spent in this place.
 C = Inter-level travel time spent in this place.
 D = Time resting spent in this place.
 E = Time spent auto-exploring this place.
 F = Levels seen in this place.
 G = Mean time per level.
                   A        B        C        D        E       F      G
               +--------+--------+--------+--------+--------+-----+--------+
         Total |   3907 |   3760 |    147 |    386 |   2826 |   6 |  651.2 |
       Dungeon |   3907 |   3760 |    147 |    386 |   2826 |   6 |  651.2 |
               +--------+--------+--------+--------+--------+-----+--------+

Top non-repeatable levels by time:
     D:5: 1142 daAuts
     D:2: 768 daAuts
     D:1: 665 daAuts
     D:3: 656 daAuts
     D:4: 538 daAuts
     D:6: 135 daAuts
